 Dungeon Crawl Stone Soup version 0.22-a0-348-gd16d139 (webtiles) character file.

21 xccam the Magician (level 2, -3/26 HPs)
             Began as a Gnoll Wanderer on Apr 8, 2018.
             Was an Initiate of Qazlal.
             Slain by a bullfrog skeleton (4 damage)
             ... on level 2 of the Dungeon.
             The game lasted 00:01:30 (1108 turns).

xccam the Magician (Gnoll Wanderer)                 Turns: 1108, Time: 00:01:31

Health: -3/26      AC:  7    Str: 12    XL:     2   Next: 87%
Magic:  10/10      EV:  9    Int: 16    God:    Qazlal [......]
Gold:   72         SH:  0    Dex: 14    Spells: 15/15 levels left

rFire    . . .     SeeInvis .   d - +0 dagger
rCold    . . .     Gourm    .   (no shield)
rNeg     . . .     Faith    .   i - +0 scale mail (curse)
rPois    .         Spirit   .   (no helmet)
rElec    .         Reflect  .   (no cloak)
rCorr    .         Harm     .   (no gloves)
MR       .....                  (no boots)
Stlth    ..........             (no amulet)
HPRegen  0.08/turn              (no ring)
MPRegen  0.12/turn              (no ring)

@: no status effects
A: distributed training, fangs 1, strong nose
a: Renounce Religion


You were on level 2 of the Dungeon.
You worshipped Qazlal.
Qazlal was noncommittal.
You were not hungry.

You visited 1 branch of the dungeon, and saw 2 of its levels.

You collected 72 gold pieces.

Inventory:

Hand Weapons
 d - a +0 dagger (weapon)
Armour
 i - a cursed +0 scale mail (worn)
Scrolls
 a - a scroll of random uselessness {unknown}
 b - a scroll of noise {unknown}
 e - a scroll of teleportation {unknown}
 h - 2 scrolls of magic mapping {unknown}
 j - a scroll of identify {unknown}
 k - a scroll of blinking {unknown}
Potions
 c - 2 potions of lignification
 g - 3 potions of curing {unknown}
 l - a potion of heal wounds {unknown}
Comestibles
 f - 4 rations


   Skills:
 + Level 4.5 Fighting
 + Level 0.5 Short Blades
 + Level 0.5 Long Blades
 + Level 0.5 Axes
 + Level 2.5 Maces & Flails
 + Level 0.5 Polearms
 + Level 0.5 Staves
 + Level 0.5 Slings
 + Level 0.5 Bows
 + Level 0.5 Crossbows
 + Level 2.5 Throwing
 + Level 4.5 Armour
 + Level 0.5 Dodging
 + Level 0.5 Stealth
 + Level 0.5 Shields
 + Level 0.5 Unarmed Combat
 + Level 7.1 Spellcasting
 + Level 0.3 Conjurations
 + Level 0.3 Hexes
 + Level 0.3 Charms
 + Level 0.3 Summonings
 + Level 0.3 Necromancy
 + Level 0.3 Translocations
 + Level 0.3 Transmutations
 + Level 0.3 Fire Magic
 + Level 0.3 Ice Magic
 + Level 0.3 Air Magic
 + Level 0.3 Earth Magic
 + Level 0.3 Poison Magic
 + Level 0.6 Invocations
 + Level 2.5 Evocations


You had 15 spell levels left.
You didn't know any spells.

Dungeon Overview and Level Annotations

Branches:
Dungeon (2/15)

Altars:
Fedhas
Qazlal


Innate Abilities, Weirdness & Mutations

Your experience applies equally to all skills.
You have very sharp teeth.
Your uncanny sense of smell can sniff out nearby items.


Message History

The bullfrog skeleton hits you but does no damage.
You hit the bullfrog skeleton.
The bullfrog skeleton is almost destroyed.
The bullfrog skeleton hits you.
* * * LOW HITPOINT WARNING * * *
You barely miss the bullfrog skeleton.
The bullfrog skeleton is almost destroyed.
The bullfrog skeleton hits you but does no damage.
The bullfrog skeleton hits you.
* * * LOW HITPOINT WARNING * * *
You hit the bullfrog skeleton but do no damage.
The bullfrog skeleton is almost destroyed.
The bullfrog skeleton hits you but does no damage.
You hit the bullfrog skeleton.
The bullfrog skeleton is almost destroyed.
The bullfrog skeleton hits you but does no damage.
You barely miss the bullfrog skeleton.
The bullfrog skeleton is almost destroyed.
The bullfrog skeleton hits you.
You die...

#####.# ......#
#.# #####.# #.#
#.# #.# # #.# #.#
#.# # #.# #.# #.#
# #.## #.# #.#
#####..# #.# #Z#
##.##..# #.# #@#
##.##..# #.# #.#
....#..# #.# #.#
.......###.#####.#
##.#.............#
##...........###.#
...........#.# #.#
##.....###.#.# #.#
...........#.# #.#


You could see a bullfrog skeleton.

Vanquished Creatures
  A leopard gecko (D:1)
  2 giant cockroaches (D:1)
  2 goblins
  A hobgoblin (D:2)
  2 kobolds
  A quokka (D:2)
  7 bats (D:1)
  5 rats (D:1)
21 creatures vanquished.

Notes
Turn   | Place    | Note
-------+----------+-------------------------------------------
     0 | D:1      | xccam the Gnoll Wanderer began the quest for the Orb.
     0 | D:1      | xccam set off with: a +0 ring mail, a potion of lignification, a +0 dagger, a ration
     0 | D:1      | Reached XP level 1. HP: 20/20 MP: 8/8
   300 | D:1      | Reached XP level 2. HP: 26/26 MP: 10/10
   885 | D:2      | Found a blossoming altar of Fedhas.
   946 | D:2      | Found a stormy altar of Qazlal.
   955 | D:2      | Became a worshipper of Qazlal Stormbringer
  1105 | D:2      | HP: 1/26 [bullfrog skeleton (6)]
  1108 | D:2      | Slain by a bullfrog skeleton

Vault maps used:
D:1:      minmay_arrival_split_and_join, grunt_decor_one_mirror
D:2:      grunt_temple_overflow_forces_of_nature,
          nicolae_overflow_hidden_temple, minmay_tetromino_l2

Action                   || total
-------------------------++-------
Melee: Dagger            ||   156
       Bite              ||    12
  Eat: Chunk             ||     1
Armor: Ring mail         ||    47
       Scale mail        ||    32
Dodge: Dodged            ||   104

Table legend:
 A = Spawn XP
 B = Non-spawn XP
 C = Spawn XP percentage of total XP
 D = Spawn monster count
 E = Non-spawn monster count
 F = Spawn count percentage of total count
 G = Total turns spent on level
                    A         B        C        D         E        F      G
               +---------+---------+-------+---------+---------+-------+---------
         Total |       0 |      31 |   0.0 |       0 |      21 |   0.0 |  1108
               +---------+---------+-------+---------+---------+-------+---------
           D:1 |       0 |      24 |   0.0 |       0 |      17 |   0.0 |   885
           D:2 |       0 |       7 |   0.0 |       0 |       4 |   0.0 |   223
               +---------+---------+-------+---------+---------+-------+---------
